 Dungeon Crawl Stone Soup version 0.30.1-3-gfc49f6343a (webtiles) character file.

Game seed: 12624707445227496970

142 wolferwinsome the Cudgeller (level 5, -3/32 HPs)
             Began as a Gargoyle Gladiator on Aug 6, 2023.
             Slain by a gnoll
             ... wielding a +0 flail
              (6 damage)
             ... on level 3 of the Dungeon.
             The game lasted 00:09:44 (1449 turns).

wolferwinsome the Cudgeller (Gargoyle Gladiator)    Turns: 1449, Time: 00:09:46

Health: -3/32      AC:  8    Str: 17    XL:     5   Next: 24%
Magic:  5/5        EV: 12    Int:  9    God:
Gold:   112        SH:  0    Dex: 13    Spells: 4/4 levels left

rFire   . . .        a - +0 flail
rCold   . . .        (no shield)
rNeg    + . .        b - +0 leather armour
rPois   ∞            c - +0 helmet
rElec   +            (no cloak)
rCorr   .            (no gloves)
SInv    .            (no boots)
Will    .....        (no amulet)
Stlth   +            (no ring)
HPRegen 0.25/turn    (no ring)
MPRegen 0.09/turn

%: no passive effects
@: no status effects
A: sickness immunity, AC +4, negative energy resistance 1, electricity
resistance, torment resistance 1, petrification resistance
a: no special abilities


You were on level 3 of the Dungeon.
You visited 1 branch of the dungeon, and saw 4 of its levels.

You collected 112 gold pieces.

Inventory:

Hand Weapons
 a - a +0 flail (weapon)
Missiles
 d - 3 throwing nets (quivered)
 p - 4 stones
Armour
 b - a +0 leather armour (worn)
 c - a +0 helmet (worn)
Magical Staves
 n - a staff of poison
Jewellery
 f - an amulet of guardian spirit
Scrolls
 i - a scroll of enchant armour {unknown}
 k - a scroll of noise {unknown}
 l - a scroll of teleportation {unknown}
 m - 2 scrolls of identify {unknown}
 o - a scroll of fog {unknown}
Potions
 g - 2 potions of flight {unknown}
 h - a potion of might {unknown}
 j - a potion of curing {unknown}


   Skills:
 + Level 2.8 Fighting
 + Level 4.5 Maces & Flails
 + Level 1.8 Throwing
 + Level 1.5 Armour
 + Level 3.1 Dodging
 + Level 0.7 Stealth


You had 4 spell levels left.
You didn't know any spells.
Your spell library contained the following spells:

 Spells                   Type           Power      Damage    Failure   Level
 Sandblast                Erth           0%         2d4       43%         1
 Summon Small Mammal      Summ           0%         N/A       43%         1
 Passwall                 Tmut/Erth      0%         N/A       58%         2
 Poisonous Vapours        Pois/Air       0%         N/A       58%         2
 Call Canine Familiar     Summ           0%         N/A       82%         3
 Mephitic Cloud           Conj/Pois/Air  0%         N/A       82%         3
 Stone Arrow              Conj/Erth      0%         3d7       82%         3
 Summon Guardian Golem    Hex/Summ       0%         N/A       82%         3
 Freezing Cloud           Conj/Ice/Air   0%         6-21      100%        5


Dungeon Overview and Level Annotations

Branches:
Dungeon (4/15)
 Temple: D:4-7

Altars:
Trog


Innate Abilities, Weirdness & Mutations

You are immune to sickness and miasma.
Your stone body is resilient. (AC +4)
You are immune to poison.
You resist negative energy. (rN+)
You are resistant to electric shocks. (rElec)
You are resistant to unholy torment.
You are immune to petrification.


Message History

A gnoll is wielding a +0 flail of protection.
The gnoll shouts! x2; You hear a shout!
Found a scroll labelled JULUTU USERR.
Found a stone staircase leading down.
Throw: 5 stones
Press: ? - help, Q - select action, (/) - cycle Shift-Dir - straight line, f - gnoll
Aim: a gnoll, wielding a +0 flail (61% to hit)
You throw a stone.
The stone hits the gnoll but does no damage.
A gnoll comes into view.
It is wielding a +2 spear of distortion.
A kobold comes into view.
It is wielding a +0 short sword and quivering poisoned darts.
A gnoll comes into view. It is wielding a +0 halberd.
The kobold moves out of view.
There is an open door here.
The gnoll shouts!
You hit the gnoll but do no damage.
You hear a shout!
The gnoll barely misses you.
You hit the gnoll.
The gnoll is moderately wounded.
The gnoll hits you but does no damage.
You barely miss the gnoll.
The gnoll is moderately wounded.
The gnoll closely misses you.
You hit the gnoll.
The gnoll is severely wounded.
The gnoll hits you with a +0 flail of protection.
The gnoll hits you from afar with a +2 spear of distortion.
Space warps around you.
Throw: javelin
Press: ? - help, Q - select action, (/) - cycle Shift-Dir - straight line, f - gnoll, p - gnoll
Aim: a gnoll, wielding a +2 spear of distortion (61% to hit)
You throw a javelin. The javelin pierces through the gnoll!
You kill the gnoll!
The javelin pierces through the gnoll!
The gnoll is heavily wounded.
The gnoll hits you but does no damage. Space warps horribly around you!!
Ouch! That really hurt!
* * * LOW HITPOINT WARNING * * *
The gnoll hits you with a +0 flail.
You die... #(...#. ##.?... .....> # ....K.# ...#. gg.

#.# #g# #.# ##@##
#.# ##...## #.#
##>....## #.# #
##.......###.##.###.
#.........##........
+.........'.......#
#.........####...##
##.......## Y....
##.....## ..##


You could see 3 gnolls and a kobold.

Vanquished Creatures
  A scorpion (D:3)
  A gnoll (D:3)
  2 adders (D:2)
  2 dart slugs
  5 bats
  4 endoplasms
  5 goblins
  3 hobgoblins
  16 jackals
  4 ball pythons
  2 frilled lizards
  3 kobolds
  6 rats
54 creatures vanquished.

Notes
Turn   | Place    | Note
-------+----------+-------------------------------------------
     0 | D:1      | wolferwinsome the Gargoyle Gladiator began the quest for
                  | the Orb.
     0 | D:1      | Reached XP level 1. HP: 12/12 MP: 1/1
    71 | D:1      | Reached XP level 2. HP: 15/17 MP: 2/2
   357 | D:1      | Reached XP level 3. HP: 20/21 MP: 3/3
   724 | D:2      | Reached skill level 1 in Armour
   777 | D:2      | Reached XP level 4. HP: 26/27 MP: 4/4
  1008 | D:2      | Found a bloodstained altar of Trog.
  1366 | D:3      | Noticed a scorpion
  1376 | D:3      | Killed a scorpion
  1377 | D:3      | Reached skill level 4 in Maces & Flails
  1377 | D:3      | Reached XP level 5. HP: 25/32 MP: 5/5
  1423 | D:3      | Noticed an ice beast
  1449 | D:3      | Slain by a gnoll

Illustrated notes

Levels and vault maps discovered:
D:1:      amcnicky_arrival_abandoned_market, layout_rooms,
          hangedman_decor_lopped
D:2:      layout_loops_ring, basic_altar
D:3:      layout_loops_corners, hellmonk_ecumenical_altar_heavens_door,
          serial_bayou_lagoon_a
D:4:      layout_basic, lemuel_tele_altar, amcnicky_mini_pool_small,
          uniq_sigmund

Skill      XL: |  1  2  3  4 |
---------------+-------------+-----
Armour         | 1 |  1.5
Dodging        | 3 |  3.1
Maces & Flails | 4 |  4.5
Fighting       | |  2.8
Throwing       | |  1.8
Stealth        | |  0.7

Action                     |  1- 3 |  4- 6 || total
---------------------------+-------+-------++-------
  Melee: Flail             |   116 |    45 ||   161
         Punch             |     1 |       ||     1
  Throw: Javelin           |       |     2 ||     2
         Stone             |       |     1 ||     1
   Stab: Sleeping          |       |     1 ||     1
 Armour: Leather armour    |    68 |    21 ||    89
  Dodge: Dodged            |   107 |    30 ||   137
